AoeStats
← MeowMe

African Clearing

504195725Analyzed
2v2 RM · 27d ago on Sep 4, 2026· 48m 52s· 4 players
Game mode
Random Map
Map size
Medium (4 player)
Population
200
Speed
Normal
Resources
Standard
Victory
Conquest
Starting age
Dark Age
Ending age
Imperial Age
RankedLock teamsTeams togetherTeam positionsShared explorationLock speedFull tech treeHidden civsTurbo modeCheats
Victory
Defeat
🇧🇾 Spanish · Belarus
1487
+12
🇬🇪 Persians · Georgia
1387
+17
🇪🇸 Japanese · Spain
1409
-15
🇪🇸 Muisca · Spain
1383
-14
dardo
4:19 Loom
13:35 Feudal Age
14:57 Double-Bit Axe
15:06 Stone Mining
17:38 Castle Age
15:55 Fletching
16:36 Gold Mining
19:21 Padded Archer Armor
23:34 Horse Collar
26:01 Wheelbarrow
26:36 Bodkin Arrow
27:22 Ballistics
27:30 Bow Saw
28:13 Hand Cart
29:26 Leather Archer Armor
33:45 Imperial Age
32:03 Forging
32:01 Squires
33:42 Iron Casting
34:01 Scale Mail Armor
34:31 Heavy Plow
34:42 Elite Temple Guard
37:21 Two-Man Saw
36:53 Crop Rotation
37:01 Gold Shaft Mining
37:21 Chain Mail Armor
38:05 Conscription
39:51 Plate Mail Armor
42:28 Two-Man Saw
GipsyDanger
4:19 Loom
13:55 Feudal Age
14:47 Double-Bit Axe
17:42 Castle Age
15:34 Stone Mining
16:58 Fletching
17:47 Gold Mining
19:15 Bow Saw
22:44 Horse Collar
23:51 Ballistics
27:31 Wheelbarrow
26:42 Town Watch
30:04 Hand Cart
29:42 Guard Tower
31:57 Husbandry
38:50 Imperial Age
36:32 Thumb Ring
37:09 Yasama
37:29 Heavy Plow
39:45 Scale Mail Armor
40:23 Conscription
40:49 Gold Shaft Mining
41:16 Kataparuto
41:19 Murder Holes
41:41 Siege Engineers
42:46 Chemistry
41:44 Bodkin Arrow
44:51 Town Patrol
45:08 Masonry
46:21 Forging
49:22 Chain Mail Armor
49:42 Iron Casting
MeowMe
5:35 Loom
14:52 Feudal Age
19:43 Castle Age
18:42 Double-Bit Axe
18:40 Horse Collar
22:18 Bow Saw
25:07 Wheelbarrow
24:17 Town Watch
26:31 Hand Cart
26:46 Heavy Plow
27:54 Gold Mining
27:55 Stone Mining
30:01 Gold Shaft Mining
30:01 Stone Shaft Mining
29:40 Town Watch
31:02 Coinage
32:07 Town Patrol
35:14 Imperial Age
32:39 Fletching
35:58 Kamandaran
36:14 Citadels
36:25 Conscription
36:41 Hoardings
36:16 Scale Barding Armor
36:08 Bodkin Arrow
36:23 Forging
37:26 Chemistry
36:47 Ballistics
36:23 Murder Holes
38:16 Banking
38:16 Chain Barding Armor
37:19 Elite War Elephant
38:58 Iron Casting
41:01 Plate Barding Armor
41:41 Masonry
44:45 Two-Man Saw
43:48 Sappers
46:08 Architecture
45:31 Guard Tower
47:33 Blast Furnace
46:34 Padded Archer Armor
OLADUSHEK
3:45 Loom
13:06 Feudal Age
13:11 Feudal Age
14:22 Town Watch
14:26 Double-Bit Axe
17:24 Castle Age
16:03 Horse Collar
16:15 Stone Mining
19:31 Bow Saw
20:02 Wheelbarrow
24:36 Heavy Plow
25:55 Hand Cart
28:05 Town Patrol
30:06 Gold Mining
30:38 Fletching
33:46 Imperial Age
31:51 Ballistics
31:28 Bodkin Arrow
31:33 Padded Archer Armor
32:40 Stone Shaft Mining
33:31 Leather Archer Armor
33:23 Caravan
35:29 Chemistry
34:31 Bracer
35:01 Ring Archer Armor
34:53 Conscription
35:03 Illumination
34:53 Block Printing
34:48 Fervor
34:59 Sanctity
36:00 Supremacy
35:53 Sappers
37:32 Guilds
37:53 Coinage
38:04 Masonry
41:59 Fortified Wall
42:20 Architecture
43:07 Two-Man Saw
43:09 Banking
43:43 Murder Holes
44:31 Bombard Tower
45:09 Arrowslits
45:16 Guard Tower
47:05 Hoardings
46:31 Elite Conquistador
47:13 Inquisition
Connection lost

Rejoining the realm…

Still unreachable

The connection could not be restored.

Session expired

The server has moved on; the page needs a fresh start.